 Dungeon Crawl Stone Soup version 0.29-a0-617-g7a6b98fccd (webtiles) character file.

Game seed: 11689138285530622993

156 spaghetti the Grave Robber (level 5, -1/45 HPs)
             Began as an Ogre Necromancer on June 17, 2022.
             Slain by a goblin
             ... wielding a +0 dagger
             ... led by Robin
              (2 damage)
             ... on level 3 of the Dungeon.
             The game lasted 00:04:05 (2068 turns).

spaghetti the Grave Robber (Ogre Necromancer)       Turns: 2068, Time: 00:04:06

Health: -1/45      AC:  3    Str: 12    XL:     5   Next: 38%
Magic:  4/19       EV:  9    Int: 18    God:
Gold:   189        SH:  0    Dex:  9    Spells: 4/11 levels left

rFire   . . .      SeeInvis .   (no weapon)
rCold   . . .      Faith    .   (no shield)
rNeg    . . .      Spirit   .   a - +0 robe
rPois   .          Reflect  .   (helmet restricted)
rElec   .          Harm     .   (no cloak)
rCorr   .          Rampage  .   (gloves unavailable)
Will    .....                   (boots unavailable)
Stlth   +.........              (no amulet)
HPRegen 0.15/turn               h - ring of magical power
MPRegen 0.16/turn               (no ring)

@: no status effects
A: large, unfitting armour, tough skin 1
a: no special abilities


You were on level 3 of the Dungeon.
You visited 1 branch of the dungeon, and saw 3 of its levels.

You collected 189 gold pieces.


Innate Abilities, Weirdness & Mutations

You are too large for most types of armour.
You have tough skin. (AC +1)


   Skills:
 - Level 1.7 Dodging
 - Level 1.4 Stealth
 + Level 3.6 Spellcasting
 + Level 0.8 Conjurations
 + Level 1.9 Summonings
 + Level 4.3 Necromancy
 + Level 0.7 Transmutations
 + Level 1.0 Earth Magic
 + Level 0.7 Poison Magic


You had 4 spell levels left.
You knew the following spells:

 Your Spells              Type           Power      Damage    Failure   Level
a - Necrotize             Necr           72%        1d7       2%          1
b - Stone Arrow           Conj/Erth      12%        3d7       32%         3
c - Spider Form           Tmut/Pois      6%         N/A       32%         3

Your spell library contained the following spells:

 Spells                   Type           Power      Damage    Failure   Level
 Vampiric Draining        Necr           18%        2d7       8%          3
 Ensorcelled Hibernation  Hex/Ice        6%         N/A       24%         2
 Animate Dead             Necr           18%        N/A       26%         4
 Anguish                  Hex/Necr       5%         N/A       54%         4
 Animate Armour           Summ/Erth      16%        N/A       63%         4
 Agony                    Necr           18%        N/A       58%         5
 Malign Gateway           Summ/Tloc      3%         N/A       100%        7
 Lehudib's Crystal Spear  Conj/Erth      3%         10d2      100%        8
 Summon Horrible Things   Summ           5%         N/A       100%        8

Inventory:

Hand Weapons
 c - a +0 hunting sling {sling}
   (You found it on level 1 of the Dungeon)
 d - a +0 long sword {long}
   (You found it on level 3 of the Dungeon)
 e - a +0 dagger {short}
   (You found it on level 1 of the Dungeon)
 f - a +0 spear {polearm}
   (You found it on level 3 of the Dungeon)
 g - a +0 hunting sling {sling}
   (You found it on level 3 of the Dungeon)
 j - a +0 dagger {short}
   (You took it off a goblin on level 1 of the Dungeon)
 k - a +0 whip {mace}
   (You took it off a kobold on level 1 of the Dungeon)
 l - a +0 club {mace}
   (You took it off a kobold on level 1 of the Dungeon)
 n - a +0 dagger {short}
   (You took it off a goblin on level 1 of the Dungeon)
 o - a +0 dagger {short}
   (You took it off a kobold on level 1 of the Dungeon)
 r - a +0 club {mace}
   (You took it off a kobold on level 2 of the Dungeon)
 s - a +0 club {mace}
   (You found it on level 2 of the Dungeon)
 t - a +0 club {mace}
   (You took it off a goblin on level 2 of the Dungeon)
 u - a +0 hunting sling {sling}
   (You took it off a goblin on level 2 of the Dungeon)
 v - a +0 club {mace}
   (You took it off a goblin on level 2 of the Dungeon)
 w - a +0 long sword {long}
   (You found it on level 2 of the Dungeon)
 x - a +0 dagger {short}
   (You found it on level 2 of the Dungeon)
 B - a +0 mace {mace}
   (You took it off Terence on level 2 of the Dungeon)
Missiles
 p - 42 stones {throwing}
 z - 4 poisoned darts {throwing}
Armour
 a - a +0 robe (worn)
Magical Staves
 y - a staff of cold {!astaff}
   (You found it on level 2 of the Dungeon)
Jewellery
 h - a ring of magical power (left hand)
   (You found it on level 1 of the Dungeon)
Scrolls
 q - a scroll of immolation {!r!r}
 D - 2 scrolls of teleportation {@r4}
 E - a scroll of noise {!r}
Potions
 b - a potion of magic
 i - 5 potions of heal wounds {unknown}
 m - 2 potions of curing {unknown}
 A - a potion of mutation {unknown}
 C - a potion of berserk rage {unknown}

Dungeon Overview and Level Annotations

Branches:
Dungeon (3/15) Zot: 15927

Altars:
Kikubaaqudgha

Annotations:
D:3 Robin

*,,,,,,,,,,* ********,.........*
,,,,,,,,,.........*
*********.........* *........#*
****** *........#
,,,,,****....ggg.# ######
,,,,,,,,*....Z.))###########.....
,,,,,,,,,....Z.)@Z....>....#.._..
,,,,,,,,,...####g####.######.....
,,,,,,,,,,,,* #.Z.........#⌠#.#⌠
,,,,**,,,,,,* #........##.###.##
,,,,**,,,,,,* #.........#...#†##
,,,,**,,,,,,* ##..##.##.†.....##
******,,,,,,* ##.##........####
*,,,,,,* #..#.#......####
*,,,,,,* *#.#.#.#........


You could see Robin, 3 goblins, a friendly rat skeleton, a friendly goblin
skeleton and 2 friendly hobgoblin skeletons.


Message History

Confirm with . or Enter, or press ? or * to list all spells.
Aiming: Necrotize (safe; 2% risk of failure)
Press: ? - help, Shift-Dir - straight line, f - hobgoblin
Aim: a hobgoblin (chance to affect: 88%)
The hobgoblin writhes in agony.
The goblin hits your goblin skeleton with a +0 dagger.
Your goblin skeleton is destroyed!
Your rat skeleton closely misses the goblin.
The goblin hits you with a +0 dagger.
Your goblin skeleton hits the hobgoblin but does no damage.
The goblin closely misses you. The hobgoblin closely misses you.
The hobgoblin hits you.
* * * LOW HITPOINT WARNING * * *
😨 HP[-3] MP[-1]
You take 3 damage, and now have 22/45 hp.
You lost 1 mp, and now have 10/19 mp.
Casting: Necrotize (safe; 2% risk of failure)
Confirm with . or Enter, or press ? or * to list all spells.
Aiming: Necrotize (safe; 2% risk of failure)
Press: ? - help, Shift-Dir - straight line, f/p - hobgoblin
Aim: a hobgoblin (severely wounded, chance to affect: 88%)
The hobgoblin writhes in agony.
You kill the hobgoblin!
The dead are walking!
The goblin hits you but does no damage.
Your rat skeleton barely misses the goblin.
The goblin barely misses you.
The goblin hits your frilled lizard skeleton with a +0 dagger.
Your goblin skeleton hits the hobgoblin but does no damage.
Robin hits you from afar with a +0 trident!
* * * LOW HITPOINT WARNING * * *
😨 HP[-7] MP[-1]
You take 7 damage, and now have 15/45 hp.
You lost 1 mp, and now have 9/19 mp.
Casting: Necrotize (safe; 2% risk of failure)
Confirm with . or Enter, or press ? or * to list all spells.
Aiming: Necrotize (safe; 2% risk of failure)
Press: ? - help, Shift-Dir - straight line, f - hobgoblin
Aim: a hobgoblin (moderately wounded, ally target, chance to affect: 88%)
The hobgoblin writhes in agony.
The goblin hits you with a +0 dagger.
* * * LOW HITPOINT WARNING * * *
Your frilled lizard skeleton closely misses the goblin.
Your rat skeleton closely misses the goblin.
The hobgoblin barely misses you. The goblin hits you but does no damage.
The goblin hits your frilled lizard skeleton with a +0 dagger.
Your frilled lizard skeleton is destroyed!
Robin roars a battlecry!
The goblins go into a battle-frenzy! 😨 HP[-2]
You take 2 damage, and now have 13/45 hp.
Casting: Necrotize (safe; 2% risk of failure)
Confirm with . or Enter, or press ? or * to list all spells.
Aiming: Necrotize (safe; 2% risk of failure)
Press: ? - help, Shift-Dir - straight line, f/p - hobgoblin
Aim: a hobgoblin (almost dead, strong, ally target, chance to affect: 88%)
The hobgoblin writhes in agony.
You kill the hobgoblin!
The dead are walking!
Your hobgoblin skeleton barely misses the goblin.
The goblin hits you with a +0 dagger.
* * * LOW HITPOINT WARNING * * *
The goblin barely misses you.
Your goblin skeleton hits Robin but does no damage.
Robin throws the goblin at you! The goblin hits you with a +0 dagger.
* * * LOW HITPOINT WARNING * * *
The goblin completely misses your goblin skeleton.
Your rat skeleton closely misses the goblin.
Your Earth Magic skill increases to level 1! 😱 HP[-6] MP[-1]
You take 6 damage, and now have 7/45 hp.
You lost 1 mp, and now have 8/19 mp.
Casting: Necrotize (safe; 2% risk of failure)
Confirm with . or Enter, or press ? or * to list all spells.
Aiming: Necrotize (safe; 2% risk of failure)
Press: ? - help, Shift-Dir - straight line, f - goblin
Aim: a goblin, wielding a +0 dagger (strong, chance to affect: 88%)
The goblin writhes in agony.
You kill the goblin!
The dead are walking!
The goblin hits you with a +0 dagger.
* * * LOW HITPOINT WARNING * * *
The goblin hits you but does no damage.
Your hobgoblin skeleton hits the goblin.
The goblin dies!
Your goblin skeleton barely misses Robin.
The goblin hits your goblin skeleton with a +0 club!
Your goblin skeleton is destroyed!
The goblin misses you. Robin throws the goblin at you!
* * * LOW HITPOINT WARNING * * *
😱 HP[-6] MP[-1]
You take 6 damage, and now have 1/45 hp.
You lost 1 mp, and now have 7/19 mp.
Casting: Necrotize (safe; 2% risk of failure)
Confirm with . or Enter, or press ? or * to list all spells.
The spell is quite dangerous to miscast (32% risk of failure)!
Continue anyway?
Aiming: Stone Arrow (quite dangerous; 32% risk of failure)
Press: ? - help, Shift-Dir - straight line, f - goblin
Aim: a goblin, wielding a +0 dagger (strong, 55% to hit)
The stone arrow hits the goblin!
You kill the goblin!
The goblin hits you with a +0 dagger.
You die...

Skill      XL: |  1  2  3  4  5 |
---------------+----------------+-----
Spellcasting   | 3 |  3.6
Summonings     | 1 |  1.9
Necromancy     | 4 |  4.3
Earth Magic    | 1 |  1.0
Dodging        | |  1.7
Stealth        | |  1.4
Conjurations   | |  0.8
Transmutations | |  0.7
Poison Magic   | |  0.7

Action                   |  1- 3 |  4- 6 || total
-------------------------+-------+-------++-------
Melee: Unarmed           |     6 |       ||     6
 Cast: Necrotize         |    64 |    43 ||   107
       Stone Arrow       |       |     1 ||     1
  Use: Scroll            |       |     7 ||     7
Armor: Robe              |     9 |    12 ||    21
Dodge: Dodged            |    19 |    16 ||    35

Levels and vault maps discovered:
D:1:      minmay_arrival_semitransparent, layout_rooms, hangedman_feature_mirror
D:2:      layout_loops_ring, chequers_ecumenical_altar_simple_redux,
          minmay_unequal, uniq_terence, uniq_natasha
D:3:      layout_basic, mainiacjoe_overflow_alcove_2, st_stairs_2, uniq_jessica,
          uniq_robin

Notes
Turn   | Place    | Note
-------+----------+-------------------------------------------
     0 | D:1      | spaghetti the Ogre Necromancer began the quest for the Orb.
     0 | D:1      | Reached XP level 1. HP: 16/16 MP: 3/3
     0 | D:1      | magus.rc [v1.9.6]
    94 | D:1      | You add the spells Malign Gateway and Summon Horrible
                  | Things to your library.
   249 | D:1      | Reached XP level 2. HP: 24/24 MP: 5/5
   702 | D:1      | Reached skill level 3 in Spellcasting
   846 | D:2      | Reached skill level 1 in Summonings
   846 | D:2      | Reached XP level 3. HP: 31/31 MP: 7/7
  1030 | D:2      | Reached skill level 4 in Necromancy
  1361 | D:2      | You pick up a book of Dreams and begin reading...
  1361 | D:2      | You add the spells Ensorcelled Hibernation, Spider Form and
                  | Anguish to your library.
  1384 | D:2      | Found a faded altar of an unknown god.
  1393 | D:2      | You pick up a book of Armaments and begin reading...
  1393 | D:2      | You add the spells Stone Arrow, Animate Armour and
                  | Lehudib's Crystal Spear to your library.
  1445 | D:2      | Learned a level 3 spell: Stone Arrow
  1449 | D:2      | Learned a level 3 spell: Spider Form
  1530 | D:2      | Noticed Natasha
  1536 | D:2      | Killed Natasha
  1537 | D:2      | Reached XP level 4. HP: 29/39 MP: 9/9
  1663 | D:2      | Noticed Terence
  1668 | D:2      | Killed Terence
  1736 | D:2      | Noticed Natasha
  1746 | D:2      | Killed Natasha
  1747 | D:2      | Reached XP level 5. HP: 43/45 MP: 10/10
  2014 | D:3      | Found an ancient bone altar of Kikubaaqudgha.
  2054 | D:3      | Noticed Robin
  2066 | D:3      | HP: 10/45 [goblin/+0 dagger[Robin] (3)]
  2067 | D:3      | Reached skill level 1 in Earth Magic
  2067 | D:3      | HP: 2/45 [goblin/+0 dagger[Robin] (5)]
  2068 | D:3      | Slain by a goblin

Vanquished Creatures
  Terence (D:2)
  Natasha (twice) (D:2)
  3 adders
  2 dart slugs
  4 bats
  2 endoplasms (D:1)
  2 giant cockroaches
  9 goblins
  7 hobgoblins
  2 quokkas
  3 ball pythons
  5 frilled lizards
  4 kobolds
  5 rats
51 creatures vanquished.

Vanquished Creatures (collateral kills)
  2 goblins (D:3)
  A frilled lizard (D:2)
3 creatures vanquished.

Grand Total: 54 creatures vanquished

Table legend:
 A = Non-vault XP
 B = Vault XP
 C = Vault XP percentage of total XP
 D = Non-vault monster count
 E = Vault monster count
 F = Vault count percentage of total count
                 A         B        C        D         E       F
            +---------+---------+-------+---------+---------+-------
      Total |     132 |      94 |  41.6 |      37 |      17 |  31.5
            +---------+---------+-------+---------+---------+-------
        D:1 |      27 |       3 |  10.0 |      16 |       2 |  11.1
        D:2 |      78 |      76 |  49.4 |      13 |       6 |  31.6
        D:3 |      27 |      15 |  35.7 |       8 |       9 |  52.9
            +---------+---------+-------+---------+---------+-------

Illustrated notes

Table legend:
 A = Kills in this place as a percentage of kills in entire the game.
 B = Kills by you in this place as a percentage of kills by you in the entire game.
 C = Kills by friends in this place as a percentage of kills by friends in the entire game.
 D = Other kills in this place as a percentage of other kills in the entire game.
 E = Experience gained in this place as a percentage of experience gained in the entire game.
 F = Experience gained in this place divided by the number of levels of this place that you have seen.
                   A       B       C       D       E      F
               +-------+-------+-------+-------+-------+----------------------
         Total | 100.0 | 100.0 | 100.0 |   N/A | 100.0 |  75.3
       Dungeon | 100.0 | 100.0 | 100.0 |   N/A | 100.0 |  75.3
               +-------+-------+-------+-------+-------+----------------------

Table legend: (Time is in decaauts)
 A = Elapsed time spent in this place.
 B = Non-inter-level travel time spent in this place.
 C = Inter-level travel time spent in this place.
 D = Time resting spent in this place.
 E = Time spent auto-exploring this place.
 F = Levels seen in this place.
 G = Mean time per level.
                   A        B        C        D        E       F      G
               +--------+--------+--------+--------+--------+-----+--------+
         Total |   2071 |   2019 |     52 |      0 |   1753 |   3 |  690.3 |
       Dungeon |   2071 |   2019 |     52 |      0 |   1753 |   3 |  690.3 |
               +--------+--------+--------+--------+--------+-----+--------+

Top non-repeatable levels by time:
     D:2: 962 daAuts
     D:1: 790 daAuts
     D:3: 318 daAuts
